 Dungeon Crawl Stone Soup version 0.18-a0-1041-gbe91bf5 (webtiles) character file.

6651 PraiseBeogh the Blocker (level 11, -2/91 (92) HPs)
             Began as a Hill Orc Fighter on Jan 10, 2016.
             Was a Priest of Beogh.
             Slain by a nine-headed hydra (7 damage)
             ... on level 10 of the Dungeon.
             The game lasted 00:58:16 (8512 turns).

PraiseBeogh the Blocker (Hill Orc Fighter)          Turns: 8512, Time: 00:58:16

HP:   -2/91 (92)    AC: 22    Str: 20    XL:     11   Next: 3%
MP:   20/20         EV:  7    Int:  8    God:    Beogh [***...]
Gold: 479           SH: 15    Dex: 13    Spells: 0 memorised, 10 levels left

rFire  . . .     SeeInvis .     q - +2 long sword (slice)
rCold  + . .     Gourm    .     x - +6 chain mail "Pixkad" {rCorr MP+9 Slay+3}
rNeg   . . .     Faith    .     c - +1 shield
rPois  .         Spirit   .     H - +0 helmet
rElec  .         Dismiss  .     e - +0 cloak
rCorr  +         Reflect  .     p - +0 pair of gloves
SustAt .         Harm     .     (no boots)
MR     .....                    (no amulet)
Stlth  ..........               r - ring of resist corrosion
                                h - ring of protection from cold

@: not resistant to hostile enchantments, extremely unstealthy
A: no striking features
a: Smiting, Renounce Religion


You were on level 10 of the Dungeon.
You worshipped Beogh.
Beogh was most pleased with you.
You were not hungry.

You visited 1 branch of the dungeon, and saw 10 of its levels.
You also visited: Sewer.

You collected 659 gold pieces.
You spent 180 gold pieces at shops.

Inventory:

Hand Weapons
 q - a +2 long sword of slicing (weapon)
Armour
 c - a +1 shield (worn)
 e - a +0 cloak (worn)
 p - a +0 pair of gloves (worn)
 x - the +6 chain mail "Pixkad" (worn) {rCorr MP+9 Slay+3}
   (You bought it in a shop on level 7 of the Dungeon)

   It affects your accuracy and damage with ranged weapons and melee attacks
   (+3).
   It affects your magic capacity (+9).
   It protects you from acid and corrosion.
 y - the +7 chain mail "Jifyduem" {*Confuse rPois Int+9 SInv}
   (You found it on level 6 of the Dungeon)

   It affects your intelligence (+9).
   It protects you from poison.
   It lets you see invisible.
   It may confuse you when you take damage.
 H - a +0 helmet (worn)
Jewellery
 h - a ring of protection from cold (left hand)
 r - a ring of resist corrosion (right hand)
 t - an uncursed ring of magical power
 G - an uncursed ring of magical power
Wands
 a - a wand of draining (5/15)
 i - a wand of slowing (0/48)
 w - a wand of digging (2/24)
 z - a wand of magic darts (39/48)
 C - a wand of draining (5/15)
 E - a wand of confusion (20/48)
 I - a wand of draining (9/15)
Scrolls
 n - a scroll of enchant armour
 o - 3 scrolls of remove curse
 s - 3 scrolls of amnesia
 D - 2 scrolls of fear
Potions
 d - 2 potions of might
 j - a potion of resistance
 k - a potion of agility
 l - a potion of ambrosia
 m - 5 potions of curing
 B - a potion of flight
 F - a potion of cure mutation
Comestibles
 b - a royal jelly
 f - 13 bread rations
 g - 6 meat rations
 u - 13 fruits
 v - 8 slices of pizza
 A - 3 beef jerkies
 J - 2 chunks of flesh


   Skills:
 - Level 7.0 Fighting
 - Level 10.2 Long Blades
 - Level 7.0 Armour
 + Level 12.6 Shields


You had 10 spell levels left.
You didn't know any spells.

Dungeon Overview and Level Annotations

Branches:
Dungeon (10/15)            Temple (0/1) D:7             Orc (0/2) D:9
   Lair: D:8-11

Altars:
Ashenzari
Elyvilon
Fedhas
Kikubaaqudgha
Pakellas
Qazlal
Ru
Sif Muna
Trog
The Shining One

Shops:
D:7 [

Annotations:
D:8 exclusion: orange crystal statue


Message History

Zapping:
C - a wand of draining (will waste charges)
Press: ? - help, Shift-Dir - straight line, f - nine-headed hydra
Aim: a nine-headed hydra (lightly wounded)
The bolt of negative energy hits the nine-headed hydra.
The nine-headed hydra is drained!
The nine-headed hydra is moderately wounded.
Evoking this partially-identified wand wasted a few charges.
The big kobold hits your orc priest with a dagger.
Your orc priest closely misses the big kobold.
The nine-headed hydra bites you!
* * * LOW HITPOINT WARNING * * *
You block the nine-headed hydra's attack.
The nine-headed hydra closely misses you.
The nine-headed hydra bites you!
* * * LOW HITPOINT WARNING * * *
You block the nine-headed hydra's attack.
The nine-headed hydra completely misses you.
The nine-headed hydra bites you but does no damage. x2
The nine-headed hydra bites you!
You die...

#.#o########........# #
#.#.o.....##.....>..#
#####o#####.#..#..<.....##
...##o#...#o##.#.........#
##....#.###.############.#
####.#..o..# #..#.....#.#
######### #..'...[≈#.#
#..'..P..#.# #.@'..(.≈..#
#oD#..†..### #K##P≈P)≈#
#%.#≈≈≈≈P# #.)+.P≈PP#
########## . #


You could see a nine-headed hydra, a big kobold and a friendly orc priest.

Vanquished Creatures
  The ghost of Duffy the Cleaver, a novice HOFi of Cheibriados (D:8)
  Pikel (D:6)
  A troll (D:8)
  A two-headed ogre (D:8)
  A wyvern (D:9)
  2 yaks (D:10)
  A hippogriff (D:7)
  Menkaure (D:5)
  Edmund (D:6)
  2 water moccasins (D:6)
  Duvessa (D:5)
  2 ice beasts
  An orc warrior (D:8)
  3 black bears
  3 ogres
  2 necrophages
  A centaur (D:6)
  3 big kobolds
  Blork the orc (D:5)
  6 giant frogs
  Dowan (D:5)
  5 scorpions
  15 killer bees
  2 electric eels (D:10)
  A wight (D:7)
  A crimson imp (D:8)
  A centaur zombie (D:8)
  2 jellies
  A quasit (D:8)
  A giant frog zombie (D:8)
  4 hounds
  5 orc wizards
  Jessica (D:2)
  2 giant frog skeletons
  3 iguanas
  3 worker ants (D:4)
  A sheep (D:10)
  A hound skeleton (D:5)
  2 worker ant zombies
  10 adders
  An adder skeleton (D:4)
  An adder zombie (D:7)
  4 worms
  11 giant geckos
  17 orcs
  4 ball pythons
  18 giant cockroaches
  8 goblins
  4 hobgoblins (D:2)
  9 jackals
  14 kobolds
  3 quokkas
  3 bats
  A giant gecko skeleton (D:4)
  3 giant newts
  A jackal skeleton (D:8)
  A jackal zombie (D:7)
  8 rats
208 creatures vanquished.

Vanquished Creatures (collateral kills)
  3 yaks (D:10)
  A big kobold (D:10)
  A sheep (D:10)
5 creatures vanquished.

Vanquished Creatures (others)
  An orc warrior (D:10)
  A scorpion (D:4)
  A crimson imp (D:6)
  An orc wizard (D:4)
  2 orcs
6 creatures vanquished.

Grand Total: 219 creatures vanquished

Notes
Turn   | Place    | Note
--------------------------------------------------------------
     0 | D:1      | PraiseBeogh the Hill Orc Fighter began the quest for the Orb.
     0 | D:1      | Reached XP level 1. HP: 19/19 MP: 1/1
    88 | D:1      | Found a shattered altar of Ashenzari.
   334 | D:1      | Reached XP level 2. HP: 26/26 MP: 2/2
   639 | D:2      | Reached XP level 3. HP: 27/31 MP: 3/3
   747 | D:2      | Reached skill level 4 in Long Blades
   788 | D:2      | Noticed Jessica
   800 | D:2      | Killed Jessica
   800 | D:2      | Reached XP level 4. HP: 25/39 MP: 4/4
   955 | D:2      | Reached skill level 5 in Long Blades
  1248 | D:3      | Reached XP level 5. HP: 35/45 MP: 5/5
  1306 | D:3      | Found an oddly glowing altar of Pakellas.
  1691 | D:4      | Became a worshipper of Beogh the Brigand
  1712 | D:4      | Reached XP level 6. HP: 29/51 MP: 6/6
  2372 | D:4      | Reached skill level 5 in Armour
  2372 | D:4      | Reached skill level 5 in Shields
  2425 | D:4      | Found a deep blue altar of Sif Muna.
  2515 | D:5      | Entered Level 5 of the Dungeon
  2561 | D:5      | Reached * piety under Beogh
  2643 | D:5      | Reached XP level 7. HP: 57/57 MP: 7/7
  2675 | D:5      | Found a glowing drain.
  2682 | Sewer    | Entered a sewer
  2910 | Sewer    | Reached skill level 6 in Shields
  3088 | D:5      | Noticed Blork the orc
  3106 | D:5      | Noticed Duvessa
  3113 | D:5      | Killed Blork the orc
  3121 | D:5      | Killed Duvessa
  3123 | D:5      | Noticed Dowan
  3128 | D:5      | Killed Dowan
  3128 | D:5      | Reached XP level 8. HP: 22/67 MP: 8/8
  3894 | D:5      | Found a glowing golden altar of the Shining One.
  3999 | D:5      | Reached skill level 5 in Fighting
  3999 | D:5      | Reached skill level 7 in Shields
  4040 | D:5      | Noticed Menkaure
  4056 | D:5      | Killed Menkaure
  4465 | D:6      | Reached skill level 8 in Shields
  4864 | D:6      | Noticed Edmund
  4904 | D:6      | Killed Edmund
  4904 | D:6      | Reached XP level 9. HP: 60/74 MP: 9/9
  4911 | D:6      | Found a stormy altar of Qazlal.
  4940 | D:6      | Got an ancient chain mail
  4941 | D:6      | Identified the +7 chain mail "Jifyduem" {*Confuse rPois Int+9 SInv} (You found it on level 6 of the Dungeon)
  5042 | D:6      | Noticed Pikel
  5060 | D:6      | Killed Pikel
  5060 | D:6      | Reached skill level 9 in Shields
  5267 | D:6      | Reached ** piety under Beogh
  5436 | D:7      | Found a white marble altar of Elyvilon.
  5496 | D:7      | Found a bloodstained altar of Trog.
  5546 | D:7      | Reached skill level 10 in Shields
  5865 | D:7      | Found Cahesche's Antique Armour Emporium.
  5873 | D:7      | Bought a brightly glowing chain mail for 180 gold pieces
  5883 | D:7      | Identified the +6 chain mail "Pixkad" {rCorr MP+9 Slay+3} (You bought it in a shop on level 7 of the Dungeon)
  6222 | D:7      | Reached XP level 10. HP: 64/80 MP: 10/10
  6269 | D:7      | Found a staircase to the Ecumenical Temple.
  6331 | D:8      | Reached skill level 10 in Long Blades
  6936 | D:8      | Noticed Duffy's ghost (novice HOFi)
  6958 | D:8      | Killed Duffy's ghost
  6958 | D:8      | Reached skill level 11 in Shields
  6966 | D:8      | Reached *** piety under Beogh
  7008 | D:8      | Noticed an orange crystal statue
  7074 | D:8      | Found a blossoming altar of Fedhas.
  7103 | D:9      | Upgraded the game from 0.18-a0-1035-g72c9994 to 0.18-a0-1041-gbe91bf5
  7346 | D:9      | Found a sacrificial altar of Ru.
  7428 | D:9      | Found an ancient bone altar of Kikubaaqudgha.
  7522 | D:9      | Found a staircase to the Orcish Mines.
  7697 | D:10     | Entered Level 10 of the Dungeon
  8037 | D:10     | Reached skill level 12 in Shields
  8470 | D:10     | Reached XP level 11. HP: 88/91 MP: 11/11
  8501 | D:10     | Noticed a three-headed hydra
  8512 | D:10     | Slain by a nine-headed hydra

Vault maps used:
D:1:      minmay_arrival_five_plusses, nicolae_ashenzari_panopticon
D:2:      minmay_ruptured, uniq_jessica
D:3:      grunt_pakellas_sulfur, first_bread
D:4:      tgw_sif, minmay_crossroads
D:5:      nicolae_tso_carved_into_rock, lightli_sewer_entry_pipes,
          uniq_blork_the_orc, uniq_menkaure, uniq_duvessa
D:6:      lemuel_doored_altar, uniq_pikel, uniq_edmund
D:7:      trog_ov_bears_minmay, overflow_temple_1_default,
          minmay_temple_entry_enclosed_plants, serial_shops, shop,
          serial_undead, serial_undead_c, serial_undead_e, serial_undead_e,
          serial_undead_f
D:8:      minmay_statue_hallways, kennysheep_mini
D:9:      lemuel_crystal_altar, orc_0_dummy, basic_altar
D:10:     minivault_14, hangedman_ranch
Sewer:    sewer_frog_island_01

Action                   |  1- 3 |  4- 6 |  7- 9 | 10-12 || total
-------------------------+-------+-------+-------+-------++-------
Melee: Long sword        |    65 |   185 |   310 |   231 ||   791
Invok: Convert to Beogh  |       |     1 |       |       ||     1
Evoke: Wand              |       |       |     8 |     3 ||    11
  Use: Scroll            |     5 |     8 |     7 |     5 ||    25
       Potion            |       |       |     6 |     1 ||     7
  Eat: Chunk             |       |     5 |     8 |     9 ||    22
       Fruit             |       |       |     2 |       ||     2
       Pizza             |       |       |     1 |       ||     1
